SA
YORK REVOLUTION @ HIGHWOOD HAWKS
07/29/2022
 
TOP OF THE 1ST
York Revolution batting - Pitching for Highwood Hawks : RHP Jorge Méndez
Pitching: RHP Jorge Méndez
Batting: RHB Sergio Ortíz 0-0: Ball
1-0: Swinging Strike
1-1: Ball
2-1: Swinging Strike
2-2: Strikes out swinging
Batting: RHB Jerrel Woestenberg 0-0: Called Strike
0-1: Ground out 6-3 (Groundball, 6)
Batting: SHB Bradley Rowe 0-0: Foul Ball, location: 2F
0-1: Swinging Strike
0-2: Ball
1-2: Ball
2-2: Strikes out swinging
Top of the 1st over - 0 run(s), 0 hit(s), 0 error(s), 0 left on base; York 0 - Highwood 0
BOTTOM OF THE 1ST
Highwood Hawks batting - Pitching for York Revolution : LHP Luis Peña
Pitching: LHP Luis Peña
Batting: RHB Marcox Fiadeiro 0-0: SOLO HOME RUN (Flyball, 89XD), Distance : 434 ft
Batting: RHB Oscar Stephens 0-0: Ball
1-0: Called Strike
1-1: Ball
2-1: Ball
3-1: Base on Balls
Batting: LHB Raúl Aguirre 0-0: Ball
1-0: Ball
2-0: SINGLE (Groundball, 34D)
Oscar Stephens to second
Runner from 2nd tries for 3rd, SAFE, throw made to third
Raúl Aguirre to second
Batting: RHB Luis Jelarde 0-0: 3-RUN HOME RUN (Flyball, 7D), Distance : 372 ft
Batting: RHB Derrek Church 0-0: Foul Ball, location: 2F
0-1: Ball
1-1: Swinging Strike
1-2: Ball
2-2: Foul Ball, location: 2F
2-2: Foul Ball, location: 2F
2-2: Strikes out swinging
Batting: SHB Luis Manuel Flores 0-0: Swinging Strike
0-1: Ball
1-1: Called Strike
1-2: Ball
2-2: Ball
3-2: Base on Balls
Batting: RHB Pepe Álvarez 0-0: Called Strike
0-1: Foul Ball, location: 2F
0-2: Strikes out swinging
Batting: RHB Geoffrey Broekhuizen 0-0: Called Strike
Luis Manuel Flores steals 2nd base
0-1: Ball
1-1: SINGLE (Line Drive, 4D)
Luis Manuel Flores to third
Runner from 3rd tries for Home, SAFE, no throw or cutoff
Batting: LHB Errol Levick 0-0: Ball
1-0: Swinging Strike
1-1: Ground out U3 (Groundball, 3L)
Bottom of the 1st over - 5 run(s), 4 hit(s), 0 error(s), 1 left on base; York 0 - Highwood 5
TOP OF THE 2ND
York Revolution batting - Pitching for Highwood Hawks : RHP Jorge Méndez
Batting: RHB Roberto Ruíz 0-0: Ball
1-0: Hit by Pitch
Batting: RHB Jay Kidd 0-0: Foul Ball, location: 2F
0-1: Called Strike
Roberto Ruíz is caught stealing 2nd base
0-2: Strikes out swinging
Batting: RHB José Ruíz 0-0: Ball
1-0: Ball
2-0: Ground out 6-3 (Groundball, 6)
Top of the 2nd over - 0 run(s), 0 hit(s), 0 error(s), 0 left on base; York 0 - Highwood 5
BOTTOM OF THE 2ND
Highwood Hawks batting - Pitching for York Revolution : LHP Luis Peña
Batting: RHB Marcox Fiadeiro 0-0: SOLO HOME RUN (Line Drive, 8LXD), Distance : 446 ft
Batting: RHB Oscar Stephens 0-0: Ball
1-0: Foul Ball, location: 2F
1-1: Swinging Strike
1-2: Ball
2-2: Foul Ball, location: 2F
2-2: Strikes out looking
Batting: LHB Raúl Aguirre 0-0: Called Strike
0-1: Foul Ball, location: 2F
0-2: Foul Ball, location: 2F
0-2: Fly out, F8 (Flyball, 8RM)
Batting: RHB Luis Jelarde 0-0: Ball
1-0: Ball
2-0: Swinging Strike
2-1: Ball
3-1: DOUBLE (Flyball, 9LD)
Batting: RHB Derrek Church 0-0: Foul Ball, location: 2F
0-1: Swinging Strike
0-2: Ball
1-2: Ball
2-2: Ball
3-2: Foul Ball, location: 2F
3-2: Foul Ball, location: 2F
3-2: Foul Ball, location: 2F
3-2: Strikes out looking
Bottom of the 2nd over - 1 run(s), 2 hit(s), 0 error(s), 1 left on base; York 0 - Highwood 6
TOP OF THE 3RD
York Revolution batting - Pitching for Highwood Hawks : RHP Jorge Méndez
Batting: RHB Manuel Rivera 0-0: Ball
1-0: DOUBLE (Groundball, 5L)
Batting: RHB Pedro Luna 0-0: Called Strike
0-1: Ball
1-1: Called Strike
1-2: Strikes out swinging
Batting: SHB Noel King 0-0: SINGLE (Groundball, 34D)
Manuel Rivera to third
Runner from 3rd tries for Home, SAFE, throw made home
Noel King to second
Batting: RHB Sergio Ortíz 0-0: Called Strike
0-1: Ball
Noel King steals 3rd base
1-1: Ball
2-1: Ball
3-1: Base on Balls
Batting: RHB Jerrel Woestenberg 0-0: Called Strike
0-1: Foul Ball, location: 2F
0-2: Foul Ball, location: 2F
0-2: Reached on error, E5 (Groundball, 5L)
Noel King scores
Sergio Ortíz to second
Batting: SHB Bradley Rowe 0-0: Called Strike
0-1: Grounds into double play, 4-6-3 (Groundball, 4)
Top of the 3rd over - 2 run(s), 2 hit(s), 1 error(s), 1 left on base; York 2 - Highwood 6
BOTTOM OF THE 3RD
Highwood Hawks batting - Pitching for York Revolution : LHP Luis Peña
Batting: SHB Luis Manuel Flores 0-0: Ground out 6-3 (Groundball, 6MS)
Batting: RHB Pepe Álvarez 0-0: Fly out, F8 (Line Drive, 8RM)
Batting: RHB Geoffrey Broekhuizen 0-0: Swinging Strike
0-1: SINGLE (Line Drive, 56D)
Batting: LHB Errol Levick 0-0: Fly out, F8 (Flyball, 8RM)
Bottom of the 3rd over - 0 run(s), 1 hit(s), 0 error(s), 1 left on base; York 2 - Highwood 6
TOP OF THE 4TH
York Revolution batting - Pitching for Highwood Hawks : RHP Jorge Méndez
Batting: RHB Roberto Ruíz 0-0: Called Strike
0-1: Ball
1-1: DOUBLE (Flyball, 89XD)
Batting: RHB Jay Kidd 0-0: Fly out, F3 (Popup, 3SF)
Batting: RHB José Ruíz 0-0: Called Strike
0-1: Ball
1-1: SINGLE (Flyball, 7LS)
Roberto Ruíz to third
Runner from 3rd tries for Home, SAFE, no throw or cutoff
Batting: RHB Manuel Rivera 0-0: Swinging Strike
0-1: SINGLE (Groundball, 6MD)
José Ruíz to second
Batting: RHB Pedro Luna 0-0: Ball
1-0: Ball
2-0: Ball
Wild Pitch!
José Ruíz to third
Manuel Rivera to second
3-0: Base on Balls
Batting: SHB Noel King 0-0: Ball
1-0: Fly out, F5 (Popup, 25)
Batting: RHB Sergio Ortíz 0-0: Ball
1-0: Called Strike
1-1: Swinging Strike
1-2: Strikes out swinging
Top of the 4th over - 1 run(s), 3 hit(s), 0 error(s), 3 left on base; York 3 - Highwood 6
BOTTOM OF THE 4TH
Highwood Hawks batting - Pitching for York Revolution : LHP Luis Peña
Pitching: LHP Miguel Toro
Batting: RHB Marcox Fiadeiro 0-0: Foul Ball, location: 2F
0-1: Ball
1-1: Ball
2-1: Ball
3-1: Base on Balls
Batting: RHB Oscar Stephens 0-0: Foul Ball, location: 2F
0-1: Foul Ball, location: 2F
0-2: Strikes out looking
Batting: LHB Raúl Aguirre 0-0: Fly out, F6 (Popup, 5D)
Batting: RHB Luis Jelarde 0-0: Ball
1-0: Foul Ball, location: 2F
1-1: Ground out 6-3 (Groundball, 6)
Bottom of the 4th over - 0 run(s), 0 hit(s), 0 error(s), 1 left on base; York 3 - Highwood 6
TOP OF THE 5TH
York Revolution batting - Pitching for Highwood Hawks : RHP Jorge Méndez
Batting: RHB Jerrel Woestenberg 0-0: Foul Ball, location: 2F
0-1: Ball
1-1: Ball
2-1: Ball
3-1: Fly out, F3 (Popup, 3SF)
Batting: SHB Bradley Rowe 0-0: Ball
1-0: Foul Ball, location: 2F
1-1: Foul Ball, location: 2F
1-2: Ground out U3 (Groundball, 3L)
Batting: RHB Roberto Ruíz 0-0: Ball
1-0: Ball
2-0: Foul Ball, location: 2F
2-1: Ground out 4-3 (Groundball, 34)
Top of the 5th over - 0 run(s), 0 hit(s), 0 error(s), 0 left on base; York 3 - Highwood 6
BOTTOM OF THE 5TH
Highwood Hawks batting - Pitching for York Revolution : LHP Miguel Toro
Batting: RHB Derrek Church 0-0: Ball
1-0: Ground out 4-3 (Groundball, 4M)
Batting: SHB Luis Manuel Flores 0-0: Called Strike
0-1: Swinging Strike
0-2: Foul Ball, location: 2F
0-2: Strikes out looking
Batting: RHB Pepe Álvarez 0-0: Fly out, F9 (Flyball, 9LM)
Bottom of the 5th over - 0 run(s), 0 hit(s), 0 error(s), 0 left on base; York 3 - Highwood 6
TOP OF THE 6TH
York Revolution batting - Pitching for Highwood Hawks : RHP Jorge Méndez
Batting: RHB Jay Kidd 0-0: Called Strike
0-1: Ball
1-1: Ball
2-1: Ground out 1-3 (Groundball, 13)
Batting: RHB José Ruíz 0-0: Called Strike
0-1: Ball
1-1: Foul Ball, location: 2F
1-2: Strikes out swinging
Batting: RHB Manuel Rivera 0-0: Ball
1-0: Called Strike
1-1: Foul Ball, location: 2F
1-2: Ground out U3 (Groundball, 3)
Top of the 6th over - 0 run(s), 0 hit(s), 0 error(s), 0 left on base; York 3 - Highwood 6
BOTTOM OF THE 6TH
Highwood Hawks batting - Pitching for York Revolution : LHP Miguel Toro
Batting: RHB Geoffrey Broekhuizen 0-0: Foul Ball, location: 2F
0-1: Foul Ball, location: 2F
0-2: Ball
1-2: Strikes out swinging
Batting: LHB Errol Levick 0-0: Ground out 6-3 (Groundball, 6)
Batting: RHB Marcox Fiadeiro 0-0: Ball
1-0: Ball
2-0: Called Strike
2-1: Ball
3-1: Base on Balls
Batting: RHB Oscar Stephens 0-0: Ball
1-0: Foul Ball, location: 2F
1-1: Ball
2-1: Foul Ball, location: 2F
2-2: Ground out 6-3 (Groundball, 6)
Bottom of the 6th over - 0 run(s), 0 hit(s), 0 error(s), 1 left on base; York 3 - Highwood 6
TOP OF THE 7TH
York Revolution batting - Pitching for Highwood Hawks : RHP Jorge Méndez
Batting: RHB Pedro Luna 0-0: Ball
1-0: Foul Ball, location: 2F
1-1: Ball
2-1: Ball
3-1: DOUBLE (Line Drive, 78M)
Batting: SHB Noel King 0-0: Swinging Strike
0-1: Swinging Strike
0-2: Strikes out looking
Batting: RHB Sergio Ortíz 0-0: Foul Ball, location: 2F
0-1: Foul Ball, location: 2F
0-2: Ball
1-2: Fly out, F8 (Flyball, 8RD)
Runner from 2nd tags up, SAFE at 3rd, no throw
Batting: RHB Jerrel Woestenberg 0-0: Foul Ball, location: 2F
0-1: Ball
1-1: Ball
2-1: Swinging Strike
2-2: Fly out, F7 (Flyball, 78M)
Top of the 7th over - 0 run(s), 1 hit(s), 0 error(s), 1 left on base; York 3 - Highwood 6
BOTTOM OF THE 7TH
Highwood Hawks batting - Pitching for York Revolution : LHP Miguel Toro
Batting: LHB Raúl Aguirre 0-0: Ground out 4-3 (Groundball, 4)
Batting: RHB Luis Jelarde 0-0: Called Strike
0-1: Called Strike
0-2: Ball
1-2: Ball
2-2: Strikes out swinging
Pitching: RHP Aurelio Sánchez
Batting: RHB Derrek Church 0-0: Ball
1-0: Foul Ball, location: 2F
1-1: Foul Ball, location: 2F
1-2: Foul Ball, location: 2F
1-2: Foul Ball, location: 2F
1-2: Strikes out looking
Bottom of the 7th over - 0 run(s), 0 hit(s), 0 error(s), 0 left on base; York 3 - Highwood 6
TOP OF THE 8TH
York Revolution batting - Pitching for Highwood Hawks : RHP Jorge Méndez
Batting: SHB Bradley Rowe 0-0: Called Strike
0-1: Ground out U3 (Groundball, 3)
Batting: RHB Roberto Ruíz 0-0: Ball
1-0: Ball
2-0: Swinging Strike
2-1: Foul Ball, location: 2F
2-2: Foul Ball, location: 2F
2-2: Strikes out looking
Batting: RHB Jay Kidd 0-0: Called Strike
0-1: Ball
1-1: Called Strike
1-2: Strikes out swinging
Top of the 8th over - 0 run(s), 0 hit(s), 0 error(s), 0 left on base; York 3 - Highwood 6
BOTTOM OF THE 8TH
Highwood Hawks batting - Pitching for York Revolution : RHP Aurelio Sánchez
Batting: SHB Luis Manuel Flores 0-0: Ball
1-0: Fly out, F7 (Flyball, 7M)
Batting: RHB Pepe Álvarez 0-0: Ball
1-0: SINGLE (Groundball, 5) (infield hit)
Batting: RHB Geoffrey Broekhuizen 0-0: Ball
Wild Pitch!
Pepe Álvarez to second
1-0: Intentional Walk
Batting: LHB Errol Levick 0-0: Ball
1-0: Swinging Strike
1-1: Ball
2-1: Called Strike
2-2: Strikes out looking
Batting: RHB Marcox Fiadeiro 0-0: Ball
1-0: Called Strike
1-1: Ball
2-1: Ball
3-1: Base on Balls
Pepe Álvarez to third
Geoffrey Broekhuizen to second
Pinch Hitting: LHB Jeff Rutherford 0-0: Ball
1-0: Foul Ball, location: 2F
1-1: Called Strike
1-2: Strikes out swinging
Bottom of the 8th over - 0 run(s), 1 hit(s), 0 error(s), 3 left on base; York 3 - Highwood 6
TOP OF THE 9TH
York Revolution batting - Pitching for Highwood Hawks : RHP Jorge Méndez
Pitching: RHP Manuel Vázquez
Now at SS: António Sánchez
Batting: RHB José Ruíz 0-0: Foul Ball, location: 2F
0-1: SINGLE (Line Drive, 8LS)
Batting: RHB Manuel Rivera 0-0: Swinging Strike
0-1: DOUBLE (Groundball, 5L)
José Ruíz to third
Pinch Hitting: RHB Danilo Mosca 0-0: Called Strike
0-1: Foul Ball, location: 2F
0-2: SINGLE (Line Drive, 34)
José Ruíz scores
Manuel Rivera to third
Pinch Hitting: RHB Chris Costa 0-0: Called Strike
0-1: Called Strike
0-2: Ball
1-2: Ball
2-2: TRIPLE (Flyball, 8LM)
Manuel Rivera scores
Danilo Mosca scores
Pitching: RHP Jim Unknown
Batting: RHB Sergio Ortíz 0-0: Ball
1-0: Ball
2-0: Ball
3-0: Called Strike
3-1: Base on Balls
Pinch Hitting: LHB Natale Langushi 0-0: Swinging Strike
0-1: Ball
1-1: Foul Ball, location: 2F
1-2: Strikes out swinging
Pinch Hitting: LHB Jim Unknown 0-0: Ball
1-0: Called Strike
1-1: SINGLE (Flyball, 7LM)
Chris Costa scores
Sergio Ortíz to second
Batting: RHB Roberto Ruíz 0-0: Called Strike
0-1: Ball
1-1: Ball
2-1: Foul Ball, location: 2F
2-2: Ball
3-2: Base on Balls
Sergio Ortíz to third
Jim Unknown to second
Batting: RHB Jay Kidd 0-0: Fly out, F3 (Popup, 3SF)
Batting: RHB José Ruíz 0-0: Ball
1-0: Called Strike
1-1: Ball
2-1: Foul Ball, location: 2F
2-2: Foul Ball, location: 2F
2-2: Ball
3-2: Base on Balls
Sergio Ortíz scores
Jim Unknown to third
Roberto Ruíz to second
Pinch Hitting: RHB Parker Smith 0-0: Called Strike
0-1: Swinging Strike
0-2: Ball
1-2: Strikes out swinging
Top of the 9th over - 5 run(s), 5 hit(s), 0 error(s), 3 left on base; York 8 - Highwood 6
BOTTOM OF THE 9TH
Highwood Hawks batting - Pitching for York Revolution : RHP Aurelio Sánchez
Pitching: RHP Pablo Vargas
Now at C: Carlos Meléndez
Now at 1B: Natale Langushi
Now at SS: Jim Unknown
Now in CF: Parker Smith
Now in RF: Chris Costa
Batting: LHB Raúl Aguirre 0-0: Called Strike
0-1: Ground out 1-3 (Groundball, 13S)
Batting: RHB Luis Jelarde 0-0: Ball
1-0: Ball
2-0: Swinging Strike
2-1: Fly out, F7 (Flyball, 7M)
Batting: RHB Derrek Church 0-0: SINGLE (Line Drive, 7S)
Pinch Hitting: RHB Jim Unknown 0-0: Ball
1-0: Called Strike
1-1: Called Strike
1-2: Ball
2-2: Ball
3-2: Foul Ball, location: 2F
3-2: Strikes out looking
Bottom of the 9th over - 0 run(s), 1 hit(s), 0 error(s), 1 left on base; York 8 - Highwood 6
This league is powered by Out of the Park Baseball, the baseball management simulation game for PC, Mac and Linux
Friday, April 15th, 2016 - OOTP Baseball 16.9 Build 39